 Dungeon Crawl Stone Soup version 0.21-a0-150-gc243083 (webtiles) character file.

95 tilp the Firebug (level 4, -4/33 HPs)
             Began as a Hill Orc Fire Elementalist on July 28, 2017.
             Slain by an iron imp (6 damage)
             ... summoned by Natasha
             ... on level 3 of the Dungeon.
             The game lasted 00:07:31 (2115 turns).

tilp the Firebug (Hill Orc Fire Elementalist)       Turns: 2115, Time: 00:07:32

Health: -4/33      AC:  2    Str: 10    XL:     4   Next: 66%
Magic:  4/7        EV: 11    Int: 16    God:
Gold:   132        SH:  3    Dex: 11    Spells: 1/7 levels left

rFire    . . .     SeeInvis .   f - +0 dagger
rCold    . . .     Gourm    .   i - +0 buckler
rNeg     . . .     Faith    .   a - +0 robe
rPois    .         Spirit   .   (no helmet)
rElec    .         Reflect  .   (no cloak)
rCorr    .         Harm     .   (no gloves)
MR       .....                  (no boots)
Stlth    ++........             (no amulet)
HPRegen  0.11/turn              (no ring)
MPRegen  0.10/turn              (no ring)

@: no status effects
A: no striking features
a: no special abilities


You were on level 3 of the Dungeon.
You were not hungry.

You visited 1 branch of the dungeon, and saw 3 of its levels.

You collected 132 gold pieces.

Inventory:

Hand Weapons
 f - a +0 dagger (weapon)
 l - a cursed +0 hand axe
Missiles
 h - 6 stones (quivered)
Armour
 a - a +0 robe (worn)
 i - a +0 buckler (worn)
Scrolls
 d - a scroll of recharging {unknown}
 e - a scroll of magic mapping {unknown}
 g - a scroll of enchant armour {unknown}
 j - 4 scrolls of teleportation {unknown}
 m - a scroll of fog {unknown}
 n - a scroll of blinking {unknown}
 o - a scroll of remove curse {unknown}
 q - a scroll of identify {unknown}
Books
 b - a book of Flames

   Spells                             Type                      Level
   a - Flame Tongue                   Conjuration/Fire             1
   b - Throw Flame                    Conjuration/Fire             2
   c - Conjure Flame                  Conjuration/Fire             3
   d - Inner Flame                    Hexes/Fire                   3
   e - Sticky Flame                   Conjuration/Fire             4
   f - Fireball                       Conjuration/Fire             5
Comestibles
 c - a bread ration
 p - 2 chunks of flesh


   Skills:
 - Level 1.5 Dodging
 - Level 1.5 Stealth
 - Level 2.2 Spellcasting
 * Level 2.8 Conjurations
 + Level 4.2 Fire Magic


You had one spell level left.
You knew the following spells:

 Your Spells              Type           Power        Failure   Level  Hunger
a - Flame Tongue          Conj/Fire      ##...        8%          1    #......
b - Throw Flame           Conj/Fire      ##....       12%         2    ###....
c - Conjure Flame         Conj/Fire      ##......     24%         3    ###....


Dungeon Overview and Level Annotations

Branches:
Dungeon (3/15)

Altars:

Annotations:
D:3 Natasha


Message History

Press: ? - help, v - describe, . - travel
Here: Natasha The floor.
Press: ? - help, v - describe, . - travel The floor.
You barely miss the iron imp. The iron imp misses you.
You hit the iron imp but do no damage. The iron imp hits you.
* * * LOW HITPOINT WARNING * * *
The crimson imp blinks!
That item cannot be evoked!
Casting: Flame Tongue
Confirm with . or Enter, or press ? or * to list all spells.
You don't know that spell.
Unknown command.
Press: ? - help, v - describe, . - travel
Here: an iron imp (summoned)
The floor.
It was a potion of cancellation.
You feel magically purged. The iron imp hits you.
You die...

### ..# #.# .#
#.# .. #.# #.
#.# #.## #@#
#..# #5# ###..#
#h#
+###..#..####5##
....#...#..#...#
#...#...#...#.#
#...#...#..##
#...#...#...##
#...#...#...#.#


You could see an iron imp, Natasha and a white imp.

Vanquished Creatures
  5 adders
  2 worms
  4 dart slugs
  2 leopard geckos (D:1)
  2 goblins
  6 hobgoblins
  A ball python (D:2)
  6 bats
  8 kobolds
  3 rats
39 creatures vanquished.

Notes
Turn   | Place    | Note
-------+----------+-------------------------------------------
     0 | D:1      | tilp the Hill Orc Fire Elementalist began the quest for the Orb.
     0 | D:1      | Reached XP level 1. HP: 14/14 MP: 3/3
   210 | D:1      | Reached XP level 2. HP: 19/20 MP: 1/5
   377 | D:1      | Learned a level 2 spell: Throw Flame
   686 | D:1      | Reached XP level 3. HP: 13/26 MP: 0/6
   691 | D:1      | Learned a level 3 spell: Conjure Flame
  1288 | D:2      | Reached skill level 4 in Fire Magic
  1313 | D:2      | Reached XP level 4. HP: 27/33 MP: 4/7
  2067 | D:3      | Noticed Natasha
  2115 | D:3      | Slain by an iron imp

Vault maps used:
D:1:      minmay_arrival_four_houses, minmay_misc_feat_chi
D:3:      first_bread, hex_medium, uniq_natasha

Skill      XL: |  1  2  3 |
---------------+----------+-----
Spellcasting   | 2 |  2.2
Conjurations   | 2 |  2.8
Fire Magic     | 4 |  4.2
Dodging        | |  1.5
Stealth        | |  1.5

Action                   |  1- 3 |  4- 6 || total
-------------------------+-------+-------++-------
Melee: Dagger            |    39 |    28 ||    67
 Cast: Flame Tongue      |    38 |    30 ||    68
       Throw Flame       |     3 |     1 ||     4
  Use: Potion            |     1 |     1 ||     2
 Stab: Sleeping          |     1 |     1 ||     2
  Eat: Chunk             |     2 |     3 ||     5
Armor: Robe              |     9 |     3 ||    12
Dodge: Dodged            |    23 |    16 ||    39
Block: Buckler           |     6 |     4 ||    10
